 Dungeon Crawl Stone Soup version 0.30-a0-371-gad7725a93e (webtiles) character file.

Game seed: 17929676423907798269

5 purpskrrrp the Sneak (level 1, 0/12 HPs)
             Began as a Vampire Brigand on Nov 22, 2022.
             Slain by a jackal (1 damage)
             ... on level 1 of the Dungeon.
             The game lasted 00:00:27 (55 turns).

purpskrrrp the Sneak (Vampire Brigand)                Turns: 55, Time: 00:00:28

Health: 0/12       AC:  3    Str: 10    XL:     1   Next: 66%
Magic:  1/1        EV: 12    Int: 13    God:
Gold:   0          SH:  0    Dex: 15    Spells: 0/0 levels left

rFire   . . .      SeeInvis +    a - +2 dagger
rCold   + + .      Faith    .    (no shield)
rNeg    + + +      Spirit   .    b - +0 robe
rPois   ∞          Reflect  .    (no helmet)
rElec   .          Harm     .    c - +0 cloak
rCorr   .          Rampage  .    (no gloves)
Will    .....                    (no boots)
Stlth   +++++.....               (no amulet)
HPRegen 0.00/turn                (no ring)
MPRegen 0.07/turn                (no ring)

@: bloodless, inhibited regen
A: bloodless, fangs 3, see invisible, vampiric 1
a: Revivify


You were on level 1 of the Dungeon.
You visited 1 branch of the dungeon, and saw 1 of its levels.

Inventory:

Hand Weapons
 a - a +2 dagger (weapon)
Missiles
 d - 9 poisoned darts
 e - 3 curare-tipped darts
Armour
 b - a +0 robe (worn)
 c - a +0 cloak (worn)


   Skills:
 - Level 1.7 Fighting
 + Level 2.3 Short Blades
 - Level 1.5 Throwing
 + Level 1.3 Dodging
 * Level 6.1 Stealth


You couldn't memorise any spells.
You didn't know any spells.
Your spell library was empty.

Dungeon Overview and Level Annotations

Branches:
Dungeon (1/15)

Altars:


Innate Abilities, Weirdness & Mutations

You do not regenerate when monsters are visible.
You are frail without blood (-20% HP).
You can heal yourself when you bite living creatures.
You are immune to poison.
You have razor-sharp teeth.
You have supernaturally acute eyesight. (SInv)
You are afflicted with vampirism.


Message History

You are too injured to fight recklessly!
You are too injured to fight recklessly!
You are too injured to fight recklessly!
You are too injured to fight recklessly!
You are too injured to fight recklessly!
You are too injured to fight recklessly!
You are too injured to fight recklessly!
You are too injured to fight recklessly!
You are too injured to fight recklessly!
You are too injured to fight recklessly!
You are too injured to fight recklessly!
You are too injured to fight recklessly!
You are too injured to fight recklessly!
You are too injured to fight recklessly!
You are too injured to fight recklessly!
You are too injured to fight recklessly!
You are too injured to fight recklessly!
You are too injured to fight recklessly!
You are too injured to fight recklessly!
You are too injured to fight recklessly!
You hit the giant cockroach but do no damage.
The jackal bites you.
* * * LOW HITPOINT WARNING * * *
The giant cockroach closely misses you. The jackal attacks as you move away!
The jackal barely misses you. The jackal bites you.
* * * LOW HITPOINT WARNING * * *
The jackal attacks as you move away! The jackal closely misses you.
The giant cockroach attacks as you move away!
The giant cockroach bites you but does no damage.
The jackal attacks as you move away! The jackal completely misses you.
You hit the jackal.
The jackal is heavily wounded.
The jackal closely misses you. The giant cockroach barely misses you.
The jackal completely misses you.
You hit the jackal.
The jackal is almost dead.
The giant cockroach bites you but does no damage.
The jackal bites you.
You die...

##### ##### ##.. ###
#...# #...# ... ..#
###.###.### #.###.##
#>....# #......#
###.###.# ###
#..>...# #<..# #.#
#.# #......######
#####
#.###.###..B.........
#>........@h..?......
#.###.###?####.......
#.# #.# #.# ......(
#.# ### #.# .######
..# #.# .# #.# #.# ##
#.. ... ### #..


You could see a jackal and a giant cockroach.

Vanquished Creatures
  An endoplasm (D:1)
  3 jackals (D:1)
4 creatures vanquished.

Notes
Turn   | Place    | Note
-------+----------+-------------------------------------------
     0 | D:1      | purpskrrrp the Vampire Brigand began the quest for the Orb.
     0 | D:1      | Reached XP level 1. HP: 16/16 MP: 1/1
    42 | D:1      | Reached skill level 6 in Stealth
    55 | D:1      | Slain by a jackal

Illustrated notes

Levels and vault maps discovered:
D:1:      evilmike_arrival_hilbert_curve, layout_basic,
          ebering_ecumenical_altar_webs, grunt_decor_cap

Skill      XL: |  1 |
---------------+----+-----
Stealth        | 6 |  6.1
Fighting       | |  1.7
Short Blades   | |  2.3
Throwing       | |  1.5
Dodging        | |  1.3

Action                   || total
-------------------------++-------
Melee: Dagger            ||    15
 Abil: Exsanguinate      ||     1
Armor: Robe              ||     7
Dodge: Dodged            ||    31

Table legend: (Time is in decaauts)
 A = Elapsed time spent in this place.
 B = Non-inter-level travel time spent in this place.
 C = Inter-level travel time spent in this place.
 D = Time resting spent in this place.
 E = Time spent auto-exploring this place.
 F = Levels seen in this place.
 G = Mean time per level.
                   A        B        C        D        E       F      G
               +--------+--------+--------+--------+--------+-----+--------+
         Total |     53 |     53 |      0 |      0 |     24 |   1 |   53.0 |
       Dungeon |     53 |     53 |      0 |      0 |     24 |   1 |   53.0 |
               +--------+--------+--------+--------+--------+-----+--------+

Top non-repeatable levels by time:
     D:1: 53 daAuts
